 Dungeon Crawl Stone Soup version 0.30.0-15-g856e2d3f33 (webtiles) character file.

Game seed: 6924014200225358238

528 Demosthentine the Poker (level 7, -5/48 HPs)
             Began as a Demonspawn Gladiator on May 20, 2023.
             Was a Follower of Hepliaklqana.
             Slain by an ogre
             ... wielding a +0 giant club
              (15 damage)
             ... on level 5 of the Dungeon.
             The game lasted 00:04:40 (3516 turns).

Demosthentine the Poker (Demonspawn Gladiator)      Turns: 3516, Time: 00:04:40

Health: -5/48      AC: 16    Str: 16    XL:     7   Next: 3%
Magic:  7/7        EV: 13    Int: 10    God:    Hepliaklqana [*.....]
Gold:   153        SH:  4    Dex: 14    Spells: 6/6 levels left

rFire   . . .        a - +1 trident
rCold   . . .        (no shield)
rNeg    . . .        b - +0 leather armour
rPois   .            c - +0 helmet
rElec   .            l - +0 cloak
rCorr   .            t - +1 pair of gloves
SInv    .            g - +2 pair of boots
Will    .....        (no amulet)
Stlth   +            (no ring)
HPRegen 0.28/turn    (no ring)
MPRegen 0.10/turn

%: no passive effects
@: no status effects
A: reduced essence, yellow scales 1, icemail 1, powered by death 1, condensation
shield
a: Renounce Religion, Recall Ancestor, Ancestor Identity


You were on level 5 of the Dungeon.
You worshipped Hepliaklqana.
Hepliaklqana was aware of your devotion.
You visited 2 branches of the dungeon, and saw 6 of its levels.

You collected 199 gold pieces.
You spent 46 gold pieces at shops.

Inventory:

Hand Weapons
 a - a +1 trident (weapon)
Missiles
 d - a throwing net (quivered)
 e - a javelin
 j - 4 poisoned darts
Armour
 b - a +0 leather armour (worn)
 c - a +0 helmet (worn)
 g - a +2 pair of boots (worn)
 l - a +0 cloak (worn)
 t - a +1 pair of gloves (worn)
Jewellery
 x - a ring of fire
 z - an amulet of reflection
Scrolls
 i - 2 scrolls of enchant weapon
 k - 2 scrolls of fear
 o - 2 scrolls of blinking
 r - a scroll of enchant armour
 y - 2 scrolls of teleportation
Potions
 f - 2 potions of flight
 h - 3 potions of curing {unknown}
 m - a potion of berserk rage
 n - a potion of might
 p - a potion of ambrosia
 s - a potion of mutation
 u - a potion of cancellation
 v - 2 potions of attraction {unknown}
 B - a potion of haste


   Skills:
 + Level 4.1 Fighting
 + Level 4.3 Polearms
 - Level 1.7 Throwing
 + Level 3.1 Armour
 + Level 4.3 Dodging


You had 6 spell levels left.
You didn't know any spells.
Your spell library contained the following spells:

 Spells                   Type           Power      Damage    Failure   Level
 Blink                    Tloc           0%         N/A       56%         2
 Ensorcelled Hibernation  Hex/Ice        0%         N/A       56%         2
 Lesser Beckoning         Tloc           0%         N/A       56%         2
 Momentum Strike          Conj/Tloc      0%         3d8       56%         2
 Passwall                 Tmut/Erth      0%         N/A       56%         2
 Call Canine Familiar     Summ           0%         N/A       80%         3
 Dazzling Flash           Conj/Hex       0%         N/A       80%         3
 Portal Projectile        Hex/Tloc       0%         N/A       80%         3
 Spider Form              Tmut/Pois      0%         N/A       80%         3
 Swiftness                Air            0%         N/A       80%         3
 Anguish                  Hex/Necr       0%         N/A       99%         4
 Leda's Liquefaction      Hex/Erth       0%         N/A       99%         4
 Agony                    Necr           0%         N/A       100%        5
 Silence                  Hex/Air        0%         N/A       100%        5


Dungeon Overview and Level Annotations

Branches:
Dungeon (5/15)             Temple (1/1) D:5

Altars:
Ashenzari
Cheibriados
Dithmenos
Fedhas
Gozag
Hepliaklqana
Kikubaaqudgha
Makhleb
Nemelex Xobeh
Okawaru
Qazlal
Ru
Sif Muna
Trog
Wu Jian
Xom

Shops:
D:4 ==(**


Innate Abilities, Weirdness & Mutations

Your life essence is reduced to manifest your ancestor. (-10% HP)
You are partially covered in yellow scales. (AC +2)
A meltable icy envelope protects you from harm. (AC +4)
You regenerate a little health from kills.
A meltable shield of frost defends you. (SH +4)


Message History

The hound attacks as you move away! You block the hound's attack. x2
You puncture the hound!
You kill the hound!
You puncture the ogre!
The ogre is heavily wounded.
The ogre closely misses you.
You hit the ogre.
The ogre is heavily wounded.
The ogre closely misses you.
You closely miss the ogre.
The ogre is heavily wounded.
You block the ogre's attack.
You completely miss the ogre.
The ogre is heavily wounded.
You barely miss the ogre.
The ogre is heavily wounded.
The ogre hits you with a +0 giant club!
You puncture the ogre!
The ogre is almost dead.
The ogre hits you with a +0 giant club!
* * * LOW HITPOINT WARNING * * *
You barely miss the ogre.
The ogre is almost dead.
You hit the ogre.
The ogre is almost dead.
You block the ogre's attack.
You puncture the ogre!
You kill the ogre!
Your Fighting skill increases to level 4!
Your Armour skill increases to level 3!
You have reached level 7!
Your demonic ancestry asserts itself...
Yellow scales grow over part of your body.
Throw: 2 throwing nets
Press: ? - help, Q - select action, (/) - cycle Shift-Dir - straight line, f - ogre
Aim: an ogre, wielding a +0 giant club (75% to hit)
You throw a throwing net.
The throwing net completely misses the ogre.
The ogre hits you with a +0 giant club!
You die...

.##......##..## ###.. #
.............(# #..#
............... ##..##
.O............. ##....#
...............##......
#................ ####
#.......# #......
##..###OW.##..# #.....
##.....@#...#..####....#
###..........##..##.....##
#........................^
##......†.................
##........#..............
####.#..###.##.......##.
####.##..###.......##
###.##..##..........
#####........##.........


You could see an ogre and a phantom.

Vanquished Creatures
  An ice beast (D:5)
  A black bear (D:5)
  An ogre (D:5)
  A hound (D:5)
  An orc priest (D:5)
  An iguana (D:4)
  4 adders
  4 gnolls (D:4)
  A white imp (D:5)
  3 worms
  5 dart slugs
  8 orcs
  3 endoplasms
  4 giant cockroaches
  4 goblins
  9 hobgoblins
  2 jackals (D:3)
  3 quokkas
  7 ball pythons
  3 bats
  6 frilled lizards
  5 kobolds
  5 rats
82 creatures vanquished.

Vanquished Creatures (others)
  An ancestor (D:5)
1 creature vanquished.

Grand Total: 83 creatures vanquished

Notes
Turn   | Place    | Note
-------+----------+-------------------------------------------
     0 | D:1      | Demosthentine the Demonspawn Gladiator began the quest for
                  | the Orb.
     0 | D:1      | Reached XP level 1. HP: 16/16 MP: 1/1
   120 | D:1      | Gained mutation: You regenerate a little health from kills.
                  | [demonic ancestry]
   120 | D:1      | Reached XP level 2. HP: 22/22 MP: 2/2
   567 | D:2      | Reached skill level 1 in Armour
   578 | D:2      | Gained mutation: A meltable shield of frost defends you.
                  | (SH +4) [demonic ancestry]
   578 | D:2      | Reached XP level 3. HP: 28/28 MP: 3/3
  1130 | D:2      | Found a faded altar of an unknown god.
  1364 | D:3      | Reached XP level 4. HP: 34/34 MP: 4/4
  1518 | D:3      | You fall into a shaft and drop 2 floors!
  1518 | D:5      | Entered Level 5 of the Dungeon
  1521 | D:5      | Noticed a black bear
  1528 | D:5      | Killed a black bear
  1528 | D:5      | Noticed an ice beast
  1529 | D:5      | Reached XP level 5. HP: 33/41 MP: 5/5
  1547 | D:5      | Killed an ice beast
  1548 | D:5      | Gained mutation: A meltable icy envelope protects you from
                  | harm. (AC +4) [demonic ancestry]
  1548 | D:5      | Reached XP level 6. HP: 38/47 MP: 6/6
  1649 | D:5      | Found a staircase to the Ecumenical Temple.
  1686 | Temple   | Entered the Ecumenical Temple
  1802 | Temple   | Became a worshipper of Hepliaklqana the Forgotten
  2097 | D:4      | Found Qifax Vic's Weapon Shoppe.
  2100 | D:4      | Found Xoaguyf's Assorted Antiques.
  2103 | D:4      | Found Wisonn's Jewellery Shoppe.
  2105 | D:4      | Bought a scroll labelled OZUOST AMMIEKU for 23 gold pieces
  2105 | D:4      | Bought a scroll labelled URYVVE EGUCIE for 23 gold pieces
  2106 | D:4      | Found Nigoshru's Jewellery Shoppe.
  2767 | D:4      | Found Xotedaes's Overcharged Wands.
  3190 | D:4      | Identified the +2 robe of the Scuffed God {rN++ MP+9 Slay+2
                  | Stlth+}
  3489 | D:5      | Reached * piety under Hepliaklqana
  3516 | D:5      | Gained mutation: You are partially covered in yellow
                  | scales. (AC +2) [demonic ancestry]
  3516 | D:5      | Reached XP level 7. HP: 9/48 MP: 7/7
  3516 | D:5      | Slain by an ogre

Illustrated notes

Levels and vault maps discovered:
D:1:      tarquinn_simple_flora_water_e, layout_basic
D:2:      layout_basic, shapermc_ecumenical_altar_ellora
D:3:      layout_loops_ring, serial_glass, glass_columns_b, glass_columns_a,
          glass_columns_b, glass_columns_a, glass_columns_a, glass_columns_a,
          due_unseen_surprise, minmay_strange_pillars, st_stairs_10,
          chequers_decorated_corner, hangedman_abyss_or_decor_stabs
D:4:      layout_basic, minmay_shop_grid_forest, reono_crystal_passage,
          nicolae_shop_overcharged_wands
D:5:      layout_cave_pools, minmay_temple_entry_proselytizer
Temple:   compressed_dpeg_triangle_lava_temple

Skill      XL: |  1  2  3  4  5  6 |
---------------+-------------------+-----
Dodging        | 3 4 |  4.3
Polearms       | 3 4 |  4.3
Armour         | 1 2 3 |  3.1
Fighting       | 3 4 |  4.1
Throwing       | |  1.7

Action                     |  1- 3 |  4- 6 |  7- 9 || total
---------------------------+-------+-------+-------++-------
  Melee: Trident           |   133 |   166 |       ||   299
         Punch             |       |     4 |       ||     4
  Throw: Throwing net      |       |     3 |     1 ||     4
    Use: Scroll            |     5 |     9 |       ||    14
         Potion            |     1 |       |       ||     1
   Stab: Sleeping          |     2 |     1 |       ||     3
         Held in net/web   |       |     1 |       ||     1
 Armour: Leather armour    |    44 |    35 |       ||    79
  Dodge: Dodged            |    51 |    78 |       ||   129
  Block: Other             |    23 |    21 |       ||    44
